 Dungeon Sprint DCSS version 0.32-a0-42-ga30500b4d3 (webtiles) character file.

Game seed: 14192789000386854997

149 rocky1 the Covered (level 5, -3/37 HPs)
             Began as a Gargoyle Fighter on Jan 29, 2024.
             Was an Initiate of Gozag.
             Slain by a wight
             ... wielding a +3 hand axe
              (6 damage)
             ... in the Dungeon (Sprint VII: "The Pits").
             The game lasted 00:01:06 (327 turns).

rocky1 the Covered (Gargoyle Fighter)                Turns: 327, Time: 00:01:07

Health: -3/37      AC: 17    Str: 21    XL:     5   Next: 31%
Magic:  5/5        EV:  8    Int:  9    God:    Gozag
Gold:   477        SH:  5    Dex:  9    Spells: 4/4 levels left

rFire   . . .        p - +0 mace (heavy)
rCold   . . .        c - +0 buckler
rNeg    + . .        o - +3 chain mail
rPois   ∞            (no helmet)
rElec   +            (no cloak)
rCorr   .            (no gloves)
SInv    .            (no boots)
Will    .....        (no amulet) Stlth
                     (no ring)
HPRegen 0.26/turn    (no ring)
MPRegen 0.09/turn

%: no teleportation
@: on berserk cooldown, slowed, very slow
A: sickness immunity, AC +4, negative energy resistance 1, electricity
resistance, torment resistance 1, petrification resistance
a: Renounce Religion, Potion Petition, Call Merchant, Bribe Branch


You were in the Dungeon.
You worshipped Gozag.
Gozag was aware of your devotion.
You visited 1 branch You collected 477 gold pieces.

Inventory:

Hand Weapons
 a - a +0 flail
 p - a +0 heavy mace (weapon)
Armour
 b - a +0 scale mail
 c - a +0 buckler (worn)
 o - a +3 chain mail (worn)
Scrolls
 j - a scroll of blinking
 l - 2 scrolls of vulnerability
 m - 5 scrolls of amnesia
 n - a scroll of butterflies
Potions
 d - a potion of might
 e - 6 potions of curing
 f - 5 potions of heal wounds
 g - a potion of haste
 h - 4 potions of magic
 i - a potion of berserk rage
 k - 2 potions of invisibility


   Skills:
 + Level 6.7 Fighting
 + Level 4.9 Maces & Flails
 + Level 6.8 Armour
 + Level 0.8 Dodging
 + Level 0.7 Stealth
 + Level 6.1 Shields


You had 4 spell levels left.
You didn't know any spells.
Your spell library was empty.

Dungeon Overview and Level Annotations

Branches:
Dungeon (1/1)

Altars:
Ashenzari
Cheibriados
Dithmenos
Elyvilon
Fedhas
Gozag
Hepliaklqana
Kikubaaqudgha
Makhleb
Nemelex Xobeh
Okawaru
Qazlal
Ru
Sif Muna
Trog
Uskayaw
Vehumet
Wu Jian
Xom
Yredelemnul
Zin
The Shining One
Jiyva
Lugonu


Innate Abilities, Weirdness & Mutations

You are immune to sickness and miasma.
Your stone body is resilient. (AC +4)
You are immune to poison.
You resist negative energy. (rN+)
You are resistant to electric shocks. (rElec)
You are resistant to unholy torment.
You are immune to petrification.


Message History

You are too injured to fight recklessly!
You are too injured to fight recklessly!
You are too injured to fight recklessly!
You are too injured to fight recklessly!
You are too injured to fight recklessly!
You are too injured to fight recklessly!
You are too injured to fight recklessly!
You are too injured to fight recklessly!
You are too injured to fight recklessly!
You are too injured to fight recklessly!
You are too injured to fight recklessly!
You are too injured to fight recklessly!
You hit the wight but do no damage.
You are no longer berserk.
You are exhausted.
You feel yourself slow down.
The wight hits you from afar with a +4 trident!
* * * LOW HITPOINT WARNING * * *
You block the wight's attack.
You feel much better.
The wight hits you from afar with a +4 trident.
You block the wight's attack.
You barely miss the wight. The wight hits you but does no damage.
The wight barely misses you.
The wight hits you but does no damage. x2
The wight hits you from afar with a +4 trident.
The wight hits you with a +3 hand axe.
You barely miss the wight. You block the wight's attack.
The wight hits you but does no damage. x3; The wight barely misses you.
The wight closely misses you.
You sock the wight!
The wight is heavily damaged.
The wight hits you but does no damage. The wight hits you with a +3 hand axe.
* * * LOW HITPOINT WARNING * * *
The wight hits you with a +3 hand axe.
* * * LOW HITPOINT WARNING * * *
The wight hits you from afar with a +4 trident.
* * * LOW HITPOINT WARNING * * *
The wight hits you with a +3 hand axe.
You die...
Your body crumbles into a pile of gold.

#'#####'#####.....
#.#..#..#..##.....
#.#..'..)..#####'#
#.##)####+###.....
#.#........##.....
#.#........##.....
#.#####'#####...<.
#.#...).)..##.....
#@#..[)))..##.....
#z###########.....
#zz...l.# ######
#.###...# #.# .#
#.# #.. #.. #..


You could see 3 wights.

Vanquished Creatures
  A bullfrog (D)
  A wight (D)
  An iguana (D)
  An orc (D)
  A bat zombie (D)
  An endoplasm (D)
  A giant cockroach (D)
  A goblin (D)
  A hobgoblin (D)
  A ball python zombie (D)
  A bat (D)
  A rat (D)
12 creatures vanquished.

Notes
Turn   | Place    | Note
-------+----------+-------------------------------------------
     0 | D        | rocky1 the Gargoyle Fighter began the quest for the Orb.
     0 | D        | Reached XP level 1. HP: 14/14 MP: 1/1
    19 | D        | Found a bloodstained altar of Trog.
    19 | D        | Found a shimmering blue altar of Sif Muna.
    19 | D        | Found a viscous altar of Jiyva.
    19 | D        | Found a hazy altar of Hepliaklqana.
    19 | D        | Found an opulent altar of Gozag.
    20 | D        | Found a glowing golden altar of the Shining One.
    20 | D        | Found a glowing silver altar of Zin.
    20 | D        | Found a basalt altar of Yredelemnul.
    20 | D        | Found a shimmering altar of Xom.
    20 | D        | Found an ornate altar of the Wu Jian Council.
    20 | D        | Found a sacrificial altar of Ru.
    20 | D        | Found a stormy altar of Qazlal.
    20 | D        | Found an iron altar of Okawaru.
    20 | D        | Found a sparkling altar of Nemelex Xobeh.
    20 | D        | Found a burning altar of Makhleb.
    20 | D        | Found a blossoming altar of Fedhas.
    20 | D        | Found a white marble altar of Elyvilon.
    20 | D        | Found a shadowy altar of Dithmenos.
    20 | D        | Found a snail-covered altar of Cheibriados.
    24 | D        | Found a corrupted altar of Lugonu.
    24 | D        | Found a radiant altar of Vehumet.
    25 | D        | Found a broken altar of Ashenzari.
    25 | D        | Found an ancient bone altar of Kikubaaqudgha.
    25 | D        | Found a hide-covered altar of Uskayaw.
    27 | D        | Became a worshipper of Gozag Ym Sagoz the Greedy
    88 | D        | Reached XP level 2. HP: 20/20 MP: 2/2
   194 | D        | Noticed a bullfrog
   200 | D        | Killed a bullfrog
   201 | D        | Reached skill level 5 in Fighting
   201 | D        | Reached skill level 5 in Armour
   201 | D        | Reached skill level 5 in Shields
   201 | D        | Reached XP level 3. HP: 26/26 MP: 3/3
   201 | D        | Reached XP level 4. HP: 31/31 MP: 4/4
   315 | D        | Reached XP level 5. HP: 37/37 MP: 5/5
   327 | D        | Slain by a wight

Illustrated notes

Levels and vault maps discovered:
D:        pitsprint [storerooms_1, entrance_room_1, metal_vault_3, armoury_1,
          mini_pit_1, grid_room_1, main_hall_1, silver_pit, the_coven_2,
          the_vestibule_1, steel_vault_3, golden_pit, hallway_of_sentries,
          crystal_vault_2, iron_vault_3, final_vault]

Skill      XL: |  1  2  3  4  5 |
---------------+----------------+-----
Shields        | 4 5 6 |  6.1
Fighting       | 5 6 |  6.7
Maces & Flails | 3 4 |  4.9
Armour         | 5 6 |  6.8
Dodging        | |  0.8
Stealth        | |  0.7

Action                     |  1- 3 |  4- 6 || total
---------------------------+-------+-------++-------
  Melee: Flail             |    24 |     4 ||    28
         Mace              |       |    17 ||    17
    Use: Potion            |     1 |     2 ||     3
 Armour: Scale mail        |    24 |       ||    24
         Chain mail        |       |    29 ||    29
  Dodge: Dodged            |    11 |    11 ||    22
  Block: Buckler           |     8 |     5 ||    13

Table legend: (Time is in decaauts)
 A = Elapsed time spent in this place.
 B = Non-inter-level travel time spent in this place.
 C = Inter-level travel time spent in this place.
 D = Time resting spent in this place.
 E = Time spent auto-exploring this place.
 F = Levels seen in this place.
 G = Mean time per level.
                   A        B        C        D        E       F      G
               +--------+--------+--------+--------+--------+-----+--------+
         Total |    355 |    343 |     12 |    156 |      0 |   1 |  355.0 |
       Dungeon |    355 |    343 |     12 |    156 |      0 |   1 |  355.0 |
               +--------+--------+--------+--------+--------+-----+--------+

Top non-repeatable levels by time:
       D: 355 daAuts
